 Dungeon Crawl Stone Soup version 0.18.1-8-gdd0e5ea (webtiles) character file.

53 M4edhros the Grave Robber (level 3, -10/21 HPs)
             Began as an Octopode Necromancer on June 7, 2016.
             Killed by divine providence
             ... invoked by an orc priest
              (12 damage)
             ... on level 4 of the Dungeon.
             The game lasted 00:03:33 (762 turns).

M4edhros the Grave Robber (Octopode Necromancer)     Turns: 762, Time: 00:03:33

Health: -10/21     AC:  1    Str:  6 (7)  XL:     3   Next: 87%
Magic:  2/6        EV: 12    Int: 16 (17) God:
Gold:   46         SH:  0    Dex: 10 (13) Spells: 2 memorised, 4 levels left

rFire  . . .     SeeInvis .       - Unarmed
rCold  . . .     Gourm    .     (no shield)
rNeg   . . .     Faith    .     (helmet restricted)
rPois  .         Spirit   .     (no amulet)
rElec  .         Dismiss  .     (no ring)
rCorr  .         Reflect  .     (no ring)
SustAt .         Harm     .     (no ring)
MR     .....                    (no ring)
Stlth  +++.......               (no ring)
                                (no ring)
                                (no ring)
                                (no ring)

@: not resistant to hostile enchantments, fairly stealthy
A: almost no armour, amphibious, 8 rings, constrict 8, camouflage 1, gelatinous
body 1
a: no special abilities


You were on level 4 of the Dungeon.
You were not hungry.

You visited 1 branch of the dungeon, and saw 4 of its levels.

You collected 46 gold pieces.

Inventory:

Missiles
 c - 5 poisoned javelins (quivered)
Wands
 n - a wand of digging (14/24)
 p - a wand of polymorph (3/24)
Scrolls
 e - a scroll of enchant armour {unknown}
 f - a scroll of noise {unknown}
 h - 2 scrolls of fog {unknown}
 i - a scroll of blinking {unknown}
 j - a scroll of fear
 l - 2 scrolls of immolation
 m - a scroll of recharging
 o - a scroll of remove curse
Potions
 s - a potion of degeneration
Books
 a - a book of Necromancy

   Spells                             Type                      Level
   a - Pain                           Necromancy                   1
   b - Animate Skeleton               Necromancy                   1
   c - Vampiric Draining              Necromancy                   3
   d - Regeneration                   Charms/Necromancy            3
   e - Animate Dead                   Necromancy                   4
   f - Control Undead                 Necromancy                   4
Comestibles
 b - 3 bread rations
 k - a meat ration
 q - 2 fruits
 r - a slice of pizza


   Skills:
 - Level 2.0 Dodging
 - Level 2.6 Stealth
 + Level 3.3 Unarmed Combat
 - Level 2.0 Spellcasting
 - Level 4.0 Necromancy


You had 4 spell levels left.
You knew the following spells:

 Your Spells              Type           Power        Failure   Level  Hunger
a - Pain                  Necr           ##..         4%          1    #......
b - Animate Skeleton      Necr           N/A          4%          1    #......


Dungeon Overview and Level Annotations

Branches:
Dungeon (4/15)
 Temple: D:4-7

Altars:

Annotations:
D:4 Rationalist's ghost, amateur MiBe


Innate Abilities, Weirdness & Mutations

You cannot wear most types of armour.
You are amphibious.
You can wear up to eight rings at the same time.
You can use your tentacles to constrict eight enemies at once.
Your skin changes colour to match your surroundings (Stealth).
Your rubbery body absorbs attacks (AC +1).


Message History

Evoking this partially-identified wand wasted a few charges.
The worker ant closely misses you.
Evoke which item? (* to show all) (? for menu, Esc to quit)
Zapping:
p - a wand of polymorph {zapped: 4} (will waste charges)
Press: ? - help, Shift-Dir - straight line, f - worker ant
Aim: a worker ant (chance to defeat MR: 54%)
The worker ant resists with significant effort.
Evoking this partially-identified wand wasted a few charges.
The worker ant bites you but does no damage.
Evoke which item? (* to show all) (? for menu, Esc to quit)
Zapping:
p - a wand of polymorph {zapped: 6} (will waste charges)
Press: ? - help, Shift-Dir - straight line, f/p - worker ant
Aim: a worker ant (chance to defeat MR: 54%)
The worker ant evaporates and reforms as a river rat!
Evoking this partially-identified wand wasted a few charges.
All of the chunks of flesh in your inventory have rotted away.
The orc priest mumbles some strange prayers to Beogh against you.
Beogh smites you!
Ouch! That really hurt!
You die...

#..#.).....#
#.
....#..###..#
#.#
##...#..###..#
#.##
....#...##..#
#.##
#....#.#.##..#
#. ####.##
.....#.#.....#
#. ..#.## #..
#.#..#.## #.
#.#.##
#.a...#..#.#
#.####.#...
#...###.@..#
#.........#
...o.#.#..#
#..........
...#r#..#
#..........
######.#o##.#
#....#...#.
#......).##.#
####.#####.
#.####.####>.
#.#<..#. #.
#### #.#.#[#.
#. #.#.#.# #.
#.#...#


You could see an orc priest and a river rat.

Vanquished Creatures
  An orc wizard (D:4)
  3 giant geckos
  3 orcs (D:4)
  3 bats (D:1)
  2 hobgoblins
  A quokka (D:2)
  2 giant newts
  2 kobolds (D:1)
  A quokka skeleton (D:4)
  2 rats
20 creatures vanquished.

Notes
Turn   | Place    | Note
--------------------------------------------------------------
     0 | D:1      | M4edhros the Octopode Necromancer began the quest for the Orb.
     0 | D:1      | Reached XP level 1. HP: 11/11 MP: 3/3
   202 | D:1      | Reached skill level 1 in Unarmed Combat
   324 | D:1      | Reached XP level 2. HP: 7/17 MP: 3/5
   465 | D:2      | Learned a level 1 spell: Animate Skeleton
   489 | D:2      | You fall through a shaft!
   704 | D:4      | Noticed Rationalist's ghost (amateur MiBe)
   748 | D:4      | Reached XP level 3. HP: 2/21 MP: 4/6
   762 | D:4      | Killed from afar by an orc priest

Skill      XL: |  1  2 |
---------------+-------+-----
Unarmed Combat | 1 3 |  3.3
Dodging        | |  2.0
Stealth        | |  2.6
Spellcasting   | |  2.0
Necromancy     | |  4.0

Action                   || total
-------------------------++-------
Melee: Unarmed           ||    20
       Constrict         ||     6
       Tentacles         ||     3
 Cast: Pain              ||    22
       Animate Skeleton  ||     2
Evoke: Wand              ||     4
  Use: Scroll            ||     4
       Potion            ||     2
 Stab: Sleeping          ||     3
Armor: Skin              ||     3
Dodge: Dodged            ||    17
